 Dungeon Crawl Stone Soup version 0.28.0-45-g0d030f2227 (webtiles) character file.

Game seed: 3668465254669175682

287 101zpm the Chiller (level 6, -1/44 HPs)
             Began as a Gnoll Ice Elementalist on Apr 21, 2022.
             Asphyxiated
             ... on level 6 of the Dungeon.
             The game lasted 00:08:27 (4424 turns).

101zpm the Chiller (Gnoll Ice Elementalist)         Turns: 4424, Time: 00:08:28

Health: -1/44      AC:  2    Str:  8    XL:     6   Next: 30%
Magic:  5/14       EV: 13    Int: 16    God:
Gold:   134        SH:  0    Dex: 12    Spells: 3/15 levels left

rFire   . . .      SeeInvis .   c - +0 broad axe
rCold   . . .      Faith    .   (no shield)
rNeg    . . .      Spirit   .   a - +0 robe
rPois   .          Reflect  .   (no helmet)
rElec   .          Harm     .   (no cloak)
rCorr   .          Rampage  .   (no gloves)
Will    .....                   (no boots)
Stlth   +++.......              (no amulet)
HPRegen 0.14/turn               (no ring)
MPRegen 0.14/turn               (no ring)

@: lethally poisoned (-1 -> -24), freezing walls, slowed, very slow
A: fangs 1, strong nose, distributed training
a: no special abilities


You were on level 6 of the Dungeon.
You visited 1 branch of the dungeon, and saw 6 of its levels.

You collected 134 gold pieces.

Inventory:

Hand Weapons
 c - a +0 broad axe (weapon)
Armour
 a - a +0 robe (worn)
 d - the +0 robe "Lehaowk" {-Cast Rampage rElec}
   (You found it on level 3 of the Dungeon)

   rElec:     It insulates you from electricity.
   -Cast:     It prevents spellcasting.
   Rampage:   It bestows one free step when moving towards enemies.
Magical Staves
 f - a staff of fire
Scrolls
 b - a scroll of teleportation {unknown}
 e - 4 scrolls of identify {unknown}
 g - 2 scrolls of fog {unknown}
 i - 2 scrolls of enchant weapon {unknown}
 j - a scroll of enchant armour {unknown}
Potions
 h - a potion of curing {unknown}
 k - a potion of berserk rage {unknown}
 l - a potion of magic {unknown}
 m - a potion of brilliance {unknown}


   Skills:
 + Level 1.9 Fighting
 + Level 1.9 Short Blades
 + Level 1.9 Long Blades
 + Level 1.9 Axes
 + Level 1.9 Maces & Flails
 + Level 1.9 Polearms
 + Level 1.9 Staves
 + Level 1.9 Slings
 + Level 1.9 Bows
 + Level 1.9 Crossbows
 + Level 1.9 Throwing
 + Level 1.9 Armour
 + Level 4.9 Dodging
 + Level 4.5 Stealth
 + Level 1.9 Shields
 + Level 1.9 Unarmed Combat
 + Level 5.3 Spellcasting
 + Level 1.5 Conjurations
 + Level 1.5 Hexes
 + Level 1.5 Summonings
 + Level 1.5 Necromancy
 + Level 1.5 Translocations
 + Level 1.5 Transmutations
 + Level 1.5 Fire Magic
 + Level 7.2 Ice Magic
 + Level 1.5 Air Magic
 + Level 1.5 Earth Magic
 + Level 1.5 Poison Magic
 + Level 2.1 Invocations
 + Level 1.9 Evocations


You had 3 spell levels left.
You knew the following spells:

 Your Spells              Type           Power      Damage    Failure   Level
a - Freeze                Ice            100%       1d11      1%          1
b - Frozen Ramparts       Ice            54%        1d7       2%          3
c - Ozocubu's Armour      Ice            27%        N/A       2%          3
d - Hailstorm             Conj/Ice       18%        3d6       24%         4
e - Slow                  Hex            36%        N/A       8%          1

Your spell library contained the following spells:

 Spells                   Type           Power      Damage    Failure   Level
 Confusing Touch          Hex            9%         N/A       24%         3
 Vampiric Draining        Necr           9%         2d6       24%         3


Dungeon Overview and Level Annotations

Branches:
Dungeon (6/15)
 Temple: D:4-7

Altars:
Trog

Shops:
D:6 !


Innate Abilities, Weirdness & Mutations

You have very sharp teeth.
Your uncanny sense of smell can sniff out nearby items.
Your experience applies equally to all skills.


Message History

The wall freezes the kobold.
You kill the kobold!
The wall freezes the kobold.
The kobold throws a stone.
The stone barely misses you.
Casting: Frozen Ramparts (dangerous; 2% risk of failure)
Confirm with . or Enter, or press ? or * to list all spells.
The spell is quite dangerous to miscast (24% risk of failure)!
Continue anyway?
Casting: Hailstorm (quite dangerous; 24% risk of failure)
Press: ? - help, Dir - look around, f - activate A cannonade of hail descends around you!
The hail pelts the kobold!
You kill the kobold!
The hail pelts the kobold!
You kill the kobold!
You feel sick.
The wall freezes the hound.
Aiming: Freeze (safe; 1% risk of failure)
Press: ? - help, Q - select action, (/) - cycle Shift-Dir - straight line, f - hound
Aim: a hound (moderately wounded)
You freeze the hound!
The hound is almost dead.
You feel sick.
The wall freezes the hound.
You kill the hound!
The kobold brigand throws a curare-tipped dart.
The curare-tipped dart hits you.
You are more poisoned.
You have difficulty breathing.
You feel as though you will be slow longer.
The kobold throws a stone.
The stone hits you but does no damage.
Casting: Freeze (safe; 1% risk of failure)
Confirm with . or Enter, or press ? or * to list all spells.
The spell is quite dangerous to miscast (24% risk of failure)!
Continue anyway?
Okay, then.
Your frozen ramparts will break if you move.
Continue?
* * * LOW HITPOINT WARNING * * *
You feel very sick.
The kobold brigand throws a curare-tipped dart.
The curare-tipped dart hits you.
You are more poisoned.
You have difficulty breathing.
You die...

..#............# ###
..............###.##
#..##..........##..# #####
#.###...##.#...#...###.##.
..#........#........###...##
........#...........###.....
...#....................#...
.. ##.#..........#.......#..
###..#.@.....#.......##. h.#
#...#..#....#.......##.
.....#....).................
..h......)KK................
.#..........###....####.....
##........##∆##..# ####..
...........#$ ##.# #..
...........##.# ##..
............ # ∆ ...


You could see a kobold brigand and a kobold.

Vanquished Creatures
  A scorpion (D:5)
  A hound (D:6)
  2 centaur skeletons (D:6)
  An iguana (D:4)
  4 adders
  A shadow imp (D:6)
  3 worms
  A dart slug (D:3)
  An orc (D:4)
  6 endoplasms
  4 giant cockroaches
  3 goblins
  9 hobgoblins
  10 kobolds
  5 ball pythons
  4 bats
  3 frilled lizards (D:2)
  4 rats
63 creatures vanquished.

Vanquished Creatures (others)
  An adder skeleton (D:2)
  8 plants (D:2)
9 creatures vanquished.

Grand Total: 72 creatures vanquished

Notes
Turn   | Place    | Note
-------+----------+-------------------------------------------
     0 | D:1      | 101zpm the Gnoll Ice Elementalist began the quest for the
                  | Orb.
     0 | D:1      | Reached XP level 1. HP: 13/13 MP: 6/6
   191 | D:2      | Reached XP level 2. HP: 12/19 MP: 3/7
   723 | D:3      | Identified the +0 robe "Lehaowk" {-Cast Rampage rElec}
   841 | D:3      | Reached XP level 3. HP: 25/25 MP: 9/9
   856 | D:3      | Reached skill level 5 in Spellcasting
   995 | D:3      | Noticed a moth of wrath
  1014 | D:3      | Found a bloodstained altar of Trog.
  1527 | D:2      | Reached skill level 1 in Invocations
  1899 | D:2      | Reached skill level 1 in Fighting
  1899 | D:2      | Reached skill level 1 in Short Blades
  1899 | D:2      | Reached skill level 1 in Long Blades
  1899 | D:2      | Reached skill level 1 in Axes
  1899 | D:2      | Reached skill level 1 in Maces & Flails
  1899 | D:2      | Reached skill level 1 in Polearms
  1899 | D:2      | Reached skill level 1 in Staves
  1899 | D:2      | Reached skill level 1 in Slings
  1899 | D:2      | Reached skill level 1 in Bows
  1899 | D:2      | Reached skill level 1 in Crossbows
  1899 | D:2      | Reached skill level 1 in Throwing
  1899 | D:2      | Reached skill level 1 in Armour
  1899 | D:2      | Reached skill level 1 in Shields
  1899 | D:2      | Reached skill level 1 in Unarmed Combat
  1899 | D:2      | Reached skill level 1 in Evocations
  1899 | D:2      | Reached XP level 4. HP: 12/32 MP: 11/11
  2940 | D:1      | Found a faded altar of an unknown god.
  3500 | D:4      | Learned a level 3 spell: Frozen Ramparts
  3504 | D:4      | Learned a level 3 spell: Ozocubu's Armour
  3506 | D:4      | Reached skill level 1 in Conjurations
  3506 | D:4      | Reached skill level 1 in Hexes
  3506 | D:4      | Reached skill level 1 in Summonings
  3506 | D:4      | Reached skill level 1 in Necromancy
  3506 | D:4      | Reached skill level 1 in Translocations
  3506 | D:4      | Reached skill level 1 in Transmutations
  3506 | D:4      | Reached skill level 1 in Fire Magic
  3506 | D:4      | Reached skill level 1 in Air Magic
  3506 | D:4      | Reached skill level 1 in Earth Magic
  3506 | D:4      | Reached skill level 1 in Poison Magic
  3511 | D:4      | Learned a level 4 spell: Hailstorm
  3513 | D:4      | Learned a level 1 spell: Slow
  3583 | D:4      | Reached XP level 5. HP: 18/37 MP: 10/12
  3908 | D:4      | Noticed an ogre
  3921 | D:5      | Entered Level 5 of the Dungeon
  4299 | D:6      | Reached XP level 6. HP: 40/44 MP: 13/13
  4416 | D:6      | Found Muuckidgh's Distillery.
  4424 | D:6      | Asphyxiated

Illustrated notes

Levels and vault maps discovered:
D:1:      scummos_arrival_gate, layout_basic,
          dreamdust_ecumenical_altar_statues, hangedman_decor_growths
D:2:      layout_loops_ring, lexackson_kobold_supper
D:3:      layout_rooms, tgw_trog, chequers_jeans, minmay_misc_feat_four_crosses,
          minmay_box_of_dots
D:4:      layout_layer_cave
D:5:      layout_loops_ring, nicolae_gozag_seed_capital
D:6:      layout_cave_pools, amcnicky_altar_gilded,
          gammafunk_ghost_abyssal_escape, serial_shops, shop,
          hellmonk_bongcloud_opening, minmay_crystal_water

Skill      XL: |  1  2  3  4  5 |
---------------+----------------+-----
Spellcasting   | 5 |  5.3
Invocations    | 1 2 |  2.1
Fighting       | 1 |  1.9
Short Blades   | 1 |  1.9
Long Blades    | 1 |  1.9
Axes           | 1 |  1.9
Maces & Flails | 1 |  1.9
Polearms       | 1 |  1.9
Staves         | 1 |  1.9
Slings         | 1 |  1.9
Bows           | 1 |  1.9
Crossbows      | 1 |  1.9
Throwing       | 1 |  1.9
Armour         | 1 |  1.9
Shields        | 1 |  1.9
Unarmed Combat | 1 |  1.9
Evocations     | 1 |  1.9
Conjurations   | 1 |  1.5
Hexes          | 1 |  1.5
Summonings     | 1 |  1.5
Necromancy     | 1 |  1.5
Translocations | 1 |  1.5
Transmutations | 1 |  1.5
Fire Magic     | 1 |  1.5
Air Magic      | 1 |  1.5
Earth Magic    | 1 |  1.5
Poison Magic   | 1 |  1.5
Dodging        | |  4.9
Stealth        | |  4.5
Ice Magic      | |  7.2

Action                   |  1- 3 |  4- 6 || total
-------------------------+-------+-------++-------
Melee: Broad axe         |    45 |    76 ||   121
       Unarmed           |     3 |       ||     3
       Bite              |     5 |     8 ||    13
       Punch             |     1 |     2 ||     3
 Cast: Freeze            |    21 |    11 ||    32
       Slow              |       |     8 ||     8
       Frozen Ramparts   |       |     3 ||     3
       Hailstorm         |       |     2 ||     2
 Stab: Sleeping          |       |     4 ||     4
Armor: Robe              |     8 |    20 ||    28
Dodge: Dodged            |    34 |    79 ||   113
